 Dungeon Crawl Stone Soup version 0.31.0-11-ge490571c62 (webtiles) character file.

Game seed: 14898539214024559542

58 qw the Shooter (level 3, -1/20 HPs)
             Began as a Deep Elf Hunter on Feb 3, 2024.
             Slain by a goblin
             ... wielding a +0 dagger
             ... led by Robin
              (2 damage)
             ... on level 2 of the Dungeon.
             The game lasted 00:00:25 (612 turns).

qw the Shooter (Deep Elf Hunter)                     Turns: 612, Time: 00:00:26

Health: -1/20      AC:  5    Str: 10    XL:     3   Next: 76%
Magic:  5/5        EV: 11    Int: 13    God:
Gold:   31         SH:  0    Dex: 18    Spells: 2/2 levels left

rFire   + . .        a - +0 shortbow
rCold   . . .        (shield currently unavailable)
rNeg    . . .        i - +0 ring mail
rPois   .            (no helmet)
rElec   .            (no cloak)
rCorr   .            (no gloves)
SInv    .            (no boots)
Will    .....        (no amulet)
Stlth   +            g - ring of protection from fire
HPRegen 0.23/turn    (no ring)
MPRegen 0.09/turn

%: no passive effects
@: about to teleport
A: no striking features
a: no special abilities


You were on level 2 of the Dungeon.
You visited 1 branch of the dungeon, and saw 2 of its levels.

You collected 31 gold pieces.


   Skills:
 - Level 1.5 Fighting
 + Level 7.2 Ranged Weapons
 - Level 2.4 Dodging
 - Level 1.2 Stealth


You had 2 spell levels left.
You didn't know any spells.
Your spell library was empty.

Inventory:

Hand Weapons
 a - a +0 shortbow (weapon)
Armour
 b - a +2 cloak
 i - a +0 ring mail (worn)
Jewellery
 e - a ring of resist corrosion
 g - a ring of protection from fire (left hand)
Scrolls
 c - a scroll of identify
Potions
 f - a potion of curing

Dungeon Overview and Level Annotations

Branches:
Dungeon (2/15)

Altars:

Annotations:
D:2 Robin


Message History

The goblins go into a battle-frenzy!
A goblin comes into view. It is wielding a +0 dagger.
You shoot an arrow. The arrow barely misses the goblin.
The hobgoblin barely misses you. The goblin misses you.
The goblin hits you with a +0 dagger.
A hobgoblin comes into view.
You shoot an arrow. The arrow hits the goblin!
You kill the goblin!
The goblin hits you with a +0 dagger. The hobgoblin closely misses you.
The hobgoblin barely misses you.
You shoot an arrow. The arrow hits the goblin.
The goblin is severely wounded.
The goblin completely misses you. The hobgoblin misses you.
The goblin completely misses you.
The hobgoblin hits you but does no damage.
You shoot an arrow. The arrow barely misses the goblin.
The hobgoblin hits you but does no damage.
The goblin closely misses you. The goblin hits you with a +0 club.
The hobgoblin barely misses you.
You shoot an arrow. The arrow hits the goblin.
The goblin is almost dead.
Robin throws the goblin at you! The hobgoblin hits you.
The goblin hits you but does no damage. The goblin barely misses you.
The hobgoblin closely misses you. The goblin hits you with a +0 club.
You shoot an arrow. The arrow hits the goblin.
You kill the goblin!
The goblin hits you but does no damage. The hobgoblin hits you.
The goblin misses you.
The hobgoblin hits you but does no damage.
The hobgoblin barely misses you. The hobgoblin hits you.
The goblin barely misses you. x2; The goblin closely misses you.
611 ||| READING scroll of teleportation.
As you read the scroll of teleportation, it crumbles to dust.
You feel strangely unstable. The goblin hits you with a +0 dagger.
The goblin barely misses you.
The hobgoblin hits you but does no damage.
The goblin hits you but does no damage. The hobgoblin barely misses you.
You shoot an arrow. The arrow closely misses the goblin.
The goblin hits you with a +0 dagger.
You die...

.....##....#
.....##....##############
.....''....'>...>........
.....##....#####'########
.....##....# #.)......#
.....##....# #........#
#######....# #........#
#....# #gg......# #....#
##@####### #.......gggg#
.......gg# .......g.#
##........ #.........
#........) #..........


You could see Robin, 3 hobgoblins and 5 goblins.

Vanquished Creatures
  2 adders (D:2)
  2 dart slugs
  3 endoplasms
  6 goblins
  3 hobgoblins (D:1)
  5 jackals
  A quokka (D:1)
  5 ball pythons
  3 bats (D:1)
  A frilled lizard (D:1)
  A kobold (D:1)
  2 rats
34 creatures vanquished.

Notes
Turn   | Place    | Note
-------+----------+-------------------------------------------
     0 | D:1      | qw the Deep Elf Hunter began the quest for the Orb.
     0 | D:1      | Reached XP level 1. HP: 12/12 MP: 3/3
     0 | D:1      | 0 ||| qw: Version: 0.3-a-155-g5e7d8dd
     0 | D:1      | 0 ||| qw: Game counter: 3329
     0 | D:1      | 0 ||| qw: Melee chars always use a shield: true
     0 | D:1      | 0 ||| qw: God list: Okawaru
     0 | D:1      | 0 ||| qw: Allow faded altars: false
     0 | D:1      | 0 ||| qw: Do Orc after clearing Dungeon:15 true
     0 | D:1      | 0 ||| qw: Do second Lair branch before Depths: true
     0 | D:1      | 0 ||| qw: Lair rune preference: random
     0 | D:1      | 0 ||| qw: Goals: Normal
     0 | D:1      | 0 ||| PLANNING D:1-11
   185 | D:1      | Reached XP level 2. HP: 16/16 MP: 4/4
   197 | D:1      | Reached skill level 6 in Ranged Weapons
   388 | D:1      | 388 ||| UPGRADING to +0 ring mail.
   398 | D:1      | 398 ||| DROPPING +0 leather armour.
   399 | D:1      | 399 ||| UPGRADING to ring of protection from fire.
   400 | D:1      | 400 ||| READING 2 scrolls labelled KEATE KOWICAO.
   403 | D:1      | 403 ||| READING 2 scrolls labelled XIAZ HAZXYO.
   403 | D:1      | 403 ||| IDENTIFYING red potion
   404 | D:1      | 404 ||| READING scroll of identify.
   404 | D:1      | 404 ||| IDENTIFYING scroll labelled VAQET NAOFUAN
   405 | D:1      | 405 ||| READING scroll labelled VAQIYSKODE.
   406 | D:1      | 406 ||| DROPPING scroll of butterflies.
   407 | D:1      | 407 ||| DROPPING scroll of summoning.
   445 | D:2      | Reached XP level 3. HP: 20/20 MP: 5/5
   457 | D:2      | 457 ||| FLEEEEING.
   476 | D:2      | 476 ||| FLEEEEING.
   477 | D:2      | 477 ||| FLEEEEING.
   478 | D:2      | 478 ||| FLEEEEING.
   488 | D:2      | 488 ||| FLEEEEING.
   511 | D:2      | 511 ||| FLEEEEING.
   575 | D:2      | Reached skill level 7 in Ranged Weapons
   602 | D:2      | Noticed Robin
   610 | D:2      | HP: 5/20 [hobgoblin[Robin] (3)]
   611 | D:2      | 611 ||| READING scroll of teleportation.
   611 | D:2      | HP: 1/20 [goblin/+0 dagger[Robin] (2)]
   612 | D:2      | Slain by a goblin

Levels and vault maps discovered:
D:1:      sevenhm_arrival_forest_fort_small_5, layout_rooms
D:2:      layout_basic, serial_shops, nicolae_shop_waterfront, uniq_robin

Skill      XL: |  1  2  3 |
---------------+----------+-----
Ranged Weapons | 6 7 |  7.2
Fighting       | |  1.5
Dodging        | |  2.4
Stealth        | |  1.2

Action                     || total
---------------------------++-------
   Fire: Shortbow          ||    68
    Use: Scroll            ||     5
 Armour: Ring mail         ||    26
  Dodge: Dodged            ||    30

Table legend:
 A = Non-vault XP
 B = Vault XP
 C = Vault XP percentage of total XP
 D = Non-vault monster count
 E = Vault monster count
 F = Vault count percentage of total count
                 A         B        C        D         E       F
            +---------+---------+-------+---------+---------+-------
      Total |      78 |       6 |   7.1 |      31 |       3 |   8.8
            +---------+---------+-------+---------+---------+-------
        D:1 |      38 |       0 |   0.0 |      22 |       0 |   0.0
        D:2 |      40 |       6 |  13.0 |       9 |       3 |  25.0
            +---------+---------+-------+---------+---------+-------
